[Event "26th Troya Open 2018"]
[Site "Canakkale"]
[Date "2018.08.11"]
[Round "9.14"]
[White "Istekli, Erdem"]
[Black "Sar, Can"]
[Result "1/2-1/2"]
[ECO "B27"]
[WhiteElo "1713"]
[BlackElo "1786"]
[Annotator "NA"]
[PlyCount "66"]
[EventDate "2018.08.06"]
[EventType "swiss"]
[EventCountry "TUR"]
[SourceTitle "playchess.com"]
[Source "ChessBase"]
[SourceQuality "1"]
[TimeControl "5400+30"]

1. e4 {[%emt 0:00:30] 2} c5 {[%emt 0:00:30] 2} 2. Nf3 {[%emt 0:00:30] 2} g6 3. d4 cxd4 4. Qxd4 Nf6 5. e5 Nc6 6. Qa4 Nd5 7. Qe4 Nb6 8. Be2 Bg7 9. O-O O-O 10. Nc3 d5 11. exd6 exd6 12. Bg5 Qd7 13. Qh4 Qg4 14. Rad1 Qxh4 15. Bxh4 Bf5 16. Rxd6 Bxc2 17. Rc1 Bf5 18. Rcd1 Rfe8 19. Bb5 Rac8 20. h3 a6 21. Bxc6 Rxc6 22. Rxc6 bxc6 23. Nd4 Be4 24. f3 Bd5 25. Nxd5 Bxd4+ 26. Rxd4 Nxd5 27. Kf2 f5 28. Bg5 Kf7 29. Ra4 Ra8 30. Ke2 Ke6 {[%emt 0:03:30] 6} 31. Kd3 c5 {[%emt 0:04:30] 9} 32. Be3 Nxe3 {[%emt 0:07:30] 1} 33. Kxe3 Kd5 {[%emt 0:00:00] ] [%clk 0:28:0]} 1/2-1/2

[Event "26th Troya Open 2018"]
[Site "Canakkale"]
[Date "2018.08.11"]
[Round "9.15"]
[White "Ileri, Oktay"]
[Black "Celik, Meric"]
[Result "1-0"]
[ECO "B14"]
[WhiteElo "1697"]
[BlackElo "1471"]
[Annotator "NA"]
[PlyCount "79"]
[EventDate "2018.08.06"]
[EventType "swiss"]
[EventCountry "TUR"]
[SourceTitle "playchess.com"]
[Source "ChessBase"]
[SourceQuality "1"]
[TimeControl "5400+30"]

1. d4 Nf6 2. c4 c5 3. e3 e6 4. Nf3 cxd4 5. exd4 d5 6. Bg5 Be7 7. Nc3 O-O 8. c5 Nc6 9. Bd3 Bd7 10. a3 b6 11. b4 bxc5 12. bxc5 h6 13. Bd2 Re8 14. O-O Bf8 15. Re1 Nh7 16. h3 f5 17. Bb5 g5 18. Bxc6 {[%emt 0:00:30] 5} Bxc6 19. Ne5 {[%emt 0:00:30] 5} Qc7 20. Qh5 {[%emt 0:00:30] ]} Bg7 21. h4 {[%emt 0:02:30] 1} Bxe5 22. Rxe5 {[%emt 0:00:30] 4} Qg7 23. hxg5 {[%emt 0:00:30] 4} Nxg5 24. Rae1 {[%emt 0:00:30] 4} Qf6 25. Nxd5 {[%emt 0:03:30] ]} Bxd5 26. Rxd5 {[%emt 0:00:00] 9} Ne4 27. Rxe4 {[%emt 0:01:00] 5} fxe4 28. Re5 {[%emt 0:02:30] ]} Kh7 29. Rxe4 {[%emt 0:00:30] 6} Rg8 30. Rf4 Qg6 31. Qh3 Rad8 32. Rh4 Qb1+ 33. Kh2 Rg6 34. Rxh6+ Kg7 35. Rh7+ Kf8 36. Rh8+ Rg8 37. Rxg8+ Kxg8 38. Qxe6+ Kh8 39. Qf6+ Kg8 40. Qxd8+ 1-0

[Event "26th Troya Open 2018"]
[Site "Canakkale"]
[Date "2018.08.11"]
[Round "9.16"]
[White "Altundasar, Yigit Bora"]
[Black "Cetinkaya, Umut Can"]
[Result "0-1"]
[ECO "B48"]
[WhiteElo "1538"]
[BlackElo "1593"]
[Annotator "NA"]
[PlyCount "106"]
[EventDate "2018.08.06"]
[EventType "swiss"]
[EventCountry "TUR"]
[SourceTitle "playchess.com"]
[Source "ChessBase"]
[SourceQuality "1"]
[TimeControl "5400+30"]

1. e4 {[%emt 0:00:30] 2} c5 {[%emt 0:00:30] 2} 2. Nf3 {[%emt 0:00:30] 2} e6 3. d4 cxd4 4. Nxd4 a6 5. a3 Qc7 6. Nc3 Nf6 7. Be2 Nc6 8. Be3 d6 9. O-O Be7 10. Qd2 Ne5 11. f3 O-O 12. Rad1 b5 13. Rc1 Bb7 14. Rfd1 Rfd8 15. Bd3 d5 16. exd5 Nxd5 17. Nxd5 Bxd5 18. Qf2 Rab8 19. c3 Nxd3 20. Rxd3 Rd7 21. Rcd1 {[%emt 0:00:30] 8} Rbd8 22. Kh1 {[%emt 0:03:30] 1} Bb3 23. Re1 {[%emt 0:06:30] 5} e5 24. Nxb3 {[%emt 0:00:30] 5} Rxd3 25. Bb6 {[%emt 0:00:30] ]} Qb8 26. Bxd8 {[%emt 0:01:30] 0} Rxd8 27. Qe2 {[%emt 0:01:30] 6} Qd6 28. g3 {[%emt 0:02:30] 3} Bf6 29. Kg2 {[%emt 0:00:30] 3} Qd5 30. Qc2 {[%emt 0:00:30] ]} g6 31. Re2 {[%emt 0:01:30] 3 [%clk 0:34:0]} Bg5 32. Rf2 f5 33. Re2 Kf7 34. Kf2 Qd6 35. Re1 Bf6 36. Ke2 Qd5 37. Rd1 Qxd1+ 38. Qxd1 Rxd1 39. Kxd1 Be7 40. Kd2 Ke6 41. Kd3 Kd5 42. Nd2 Bg5 43. b3 Bxd2 44. Kxd2 e4 45. Ke3 exf3 46. Kxf3 a5 47. Ke3 g5 48. h4 h6 49. c4+ bxc4 50. b4 axb4 51. axb4 Kc6 52. Kd4 Kb5 53. Kc3 gxh4 0-1

[Event "26th Troya Open 2018"]
[Site "Canakkale"]
[Date "2018.08.11"]
[Round "9.17"]
[White "Cevizci, Yusuf Baran"]
[Black "Guralp, Ozgur Ozan"]
[Result "1/2-1/2"]
[ECO "C54"]
[WhiteElo "1713"]
[BlackElo "1418"]
[Annotator "NA"]
[PlyCount "40"]
[EventDate "2018.08.06"]
[EventType "swiss"]
[EventCountry "TUR"]
[SourceTitle "playchess.com"]
[Source "ChessBase"]
[SourceQuality "1"]
[TimeControl "5400+30"]

1. e4 e5 2. Nf3 Nc6 3. Bc4 Bc5 4. c3 Nf6 5. d3 d6 6. O-O O-O 7. h3 a6 8. Re1 Ba7 9. Bb3 Ne7 10. Be3 Ng6 11. Nbd2 Re8 12. Nf1 Be6 13. Bc2 h6 14. d4 c6 15. Ng3 Qc7 16. Qd2 Qe7 17. Nf5 Qf8 18. Rad1 d5 19. dxe5 Nxe4 20. Bxe4 dxe4 1/2-1/2

[Event "26th Troya Open 2018"]
[Site "Canakkale"]
[Date "2018.08.11"]
[Round "9.19"]
[White "Buyukbozkoyun, Baran"]
[Black "Ozkurt, Deniz"]
[Result "1/2-1/2"]
[ECO "B01"]
[WhiteElo "1582"]
[BlackElo "1635"]
[Annotator "NA"]
[PlyCount "128"]
[EventDate "2018.08.06"]
[EventType "swiss"]
[EventCountry "TUR"]
[SourceTitle "playchess.com"]
[Source "ChessBase"]
[SourceQuality "1"]
[TimeControl "5400+30"]

1. e4 d5 2. exd5 Qxd5 3. Nc3 Qd6 4. d4 Nf6 5. Nf3 Bg4 6. Be2 c6 7. O-O Nbd7 8. Bg5 e6 9. Qd2 Qc7 10. Rad1 Bd6 11. h3 Bh5 12. Rfe1 O-O 13. Nh4 Bxe2 14. Qxe2 Bh2+ 15. Kh1 Bf4 16. Bxf4 Qxf4 17. Nf3 Nd5 18. Nxd5 cxd5 19. Qe3 Qxe3 20. Rxe3 Rac8 21. c3 Rc6 22. Ne5 Nxe5 23. Rxe5 b5 24. f4 g6 25. g4 Kg7 26. Re2 Rb8 27. f5 exf5 28. gxf5 b4 29. cxb4 Rxb4 30. fxg6 hxg6 31. b3 Rc3 32. Kg2 a5 33. Rdd2 a4 34. bxa4 Rxa4 35. Re7 Kf8 36. Re5 Ra5 37. h4 Rca3 38. Ree2 Kg7 39. Rf2 f6 40. Rc2 f5 41. h5 Kh6 42. hxg6 Kxg6 43. Rce2 Rd3 44. Re5 Rxd4 45. Rexf5 Rxa2 46. Rf6+ Kg5 47. Rf8 Rxf2+ 48. Rxf2 Rg4+ 49. Kf1 Re4 50. Rf8 d4 51. Kf2 Re5 52. Rd8 Re4 53. Rf8 Rf4+ 54. Rxf4 Kxf4 55. Ke2 Ke4 56. Kd2 d3 57. Kd1 Kd4 58. Kd2 Kc4 59. Kd1 Kd5 60. Ke1 Ke5 61. Kd1 Ke4 62. Kd2 Kd4 63. Kd1 d2 64. Kxd2 Ke5 1/2-1/2

[Event "26th Troya Open 2018"]
[Site "Canakkale"]
[Date "2018.08.11"]
[Round "9.20"]
[White "Ulupinar, Furkan"]
[Black "Kecili, Mustafa Firat"]
[Result "1-0"]
[ECO "E81"]
[WhiteElo "1412"]
[BlackElo "1713"]
[Annotator "NA"]
[PlyCount "77"]
[EventDate "2018.08.06"]
[EventType "swiss"]
[EventCountry "TUR"]
[SourceTitle "playchess.com"]
[Source "ChessBase"]
[SourceQuality "1"]
[TimeControl "5400+30"]

1. d4 Nf6 2. c4 g6 3. Nc3 Bg7 4. e4 d6 5. f3 O-O 6. Be3 c5 7. dxc5 dxc5 8. Qxd8 Rxd8 9. Bxc5 Nc6 10. Nge2 Nd7 11. Be3 Nde5 12. Nf4 Nb4 13. Rd1 Nc2+ 14. Kf2 Rxd1 15. Nxd1 Nxe3 16. Nxe3 Nc6 17. b3 a5 18. Nd3 Bd4 19. Ke2 a4 20. b4 Be6 21. Nd5 Bxd5 22. exd5 Ne5 23. Nxe5 Bxe5 24. Kd3 a3 25. c5 b6 26. g3 Ra4 27. f4 Bc7 28. Kc3 bxc5 29. bxc5 Re4 30. Bc4 Re3+ 31. Kb4 g5 32. fxg5 Kg7 33. Rd1 Kg6 34. Rf1 Be5 35. Kb5 Kxg5 36. Rxf7 Bf6 37. c6 Re1 38. c7 Rb1+ 39. Kc5 1-0

[Event "26th Troya Open 2018"]
[Site "Canakkale"]
[Date "2018.08.11"]
[Round "9.21"]
[White "Ozen, Ali"]
[Black "Daloglu, Berkay"]
[Result "1-0"]
[ECO "B80"]
[WhiteElo "1575"]
[BlackElo "1635"]
[Annotator "NA"]
[PlyCount "115"]
[EventDate "2018.08.06"]
[EventType "swiss"]
[EventCountry "TUR"]
[SourceTitle "playchess.com"]
[Source "ChessBase"]
[SourceQuality "1"]
[TimeControl "5400+30"]

1. e4 c5 2. Nf3 e6 3. d4 cxd4 4. Nxd4 a6 5. g3 Qc7 6. Bg2 Nc6 7. Nc3 Nf6 8. Nb3 Be7 9. a4 b6 10. O-O Bb7 11. f4 d6 12. Be3 O-O 13. Kh1 g6 14. g4 Nd7 15. Qe2 Rad8 16. f5 Nce5 17. Bh6 Rfe8 18. fxe6 fxe6 19. Nd4 Bf6 {[%emt 0:02:00] 6} 20. g5 Bg7 {[%emt 0:06:30] 0} 21. Bxg7 Kxg7 {[%emt 0:00:30] 0} 22. Qf2 Re7 {[%emt 0:02:30] 1} 23. Qh4 Kg8 {[%emt 0:01:30] ]} 24. Qh3 Rde8 {[%emt 0:01:30] 3} 25. Rf2 Qc5 {[%emt 0:00:30] 1} 26. Rd2 Nc4 {[%emt 0:00:30] 0} 27. Nb3 Qxg5 28. Rd4 Nde5 29. Re1 Rf8 30. Qg3 Qxg3 31. hxg3 Rf2 32. Re2 Ref7 33. Kg1 Rxe2 34. Nxe2 g5 35. Nd2 Nxd2 36. Rxd2 Rd7 37. b3 h5 38. Nd4 Kf7 39. Nf3 Nxf3+ 40. Bxf3 g4 41. Bg2 Kf6 42. Kf2 Ke5 43. Ke3 Rc7 44. c4 Rf7 45. Rd1 Bc6 46. Rh1 Rh7 47. Rf1 b5 48. cxb5 axb5 49. Rc1 Be8 50. Rc8 Bg6 51. Rg8 Kf6 52. a5 b4 53. a6 Ra7 54. Bf1 Bf7 55. Rb8 e5 56. Rxb4 d5 57. Rb6+ Ke7 58. Rb7+ 1-0